 Dungeon Crawl Stone Soup version 0.25-a0-1007-g10a8c3caa8 (webtiles) character file.

Game seed: 9636677735541938390, levelgen mode: deterministic

903 MisterFreud the Fighter (level 8, -2/88 HPs)
             Began as an Ogre Berserker on May 11, 2020.
             Was a Priest of Trog.
             Slain by an orc
             ... wielding a +0 hand axe
              (6 damage)
             ... while paralysed
             ... on level 4 of the Dungeon.
             The game lasted 00:11:46 (6387 turns).

MisterFreud the Fighter (Ogre Berserker)            Turns: 6387, Time: 00:11:47

Health: -2/88      AC:  3    Str: 24    XL:     8   Next: 7%
Magic:  8/8        EV:  1    Int:  8    God:    Trog [***...]
Gold:   239        SH:  0    Dex:  8    Spells: 7/7 levels left

rFire    . . .     SeeInvis .   o - +1 flail
rCold    + . .     Gourm    .   (no shield)
rNeg     . . .     Faith    .   b - +0 animal skin
rPois    +         Spirit   .   (helmet restricted)
rElec    .         Reflect  +   (no cloak)
rCorr    .         Harm     .   (gloves unavailable)
MR       .....                  (boots unavailable)
Stlth    +.........             j - +3 amulet of reflection
HPRegen  0.24/turn              k - ring of protection from cold
MPRegen  0.11/turn              e - ring of poison resistance

@: paralysed, lethally poisoned (-2 -> -5), berserk cooldown, slowed
A: large, unfitting armour, tough skin 1
a: Berserk, Trog's Hand, Renounce Religion


You were on level 4 of the Dungeon.
You worshipped Trog.
Trog was most pleased with you.
You were not hungry.

You visited 1 branch of the dungeon, and saw 5 of its levels.
You also visited: Sewer.

You collected 239 gold pieces.

Inventory:

Hand Weapons
 a - a +0 mace
 o - a +1 flail (weapon)
Missiles
 c - 2 boomerangs (quivered)
 i - 9 poisoned darts
Armour
 b - a +0 animal skin (worn)
Jewellery
 e - a ring of poison resistance (right hand)
 j - a +3 amulet of reflection (around neck)
 k - a ring of protection from cold (left hand)
Wands
 p - a wand of polymorph (9)
 s - a wand of paralysis (13)
Scrolls
 d - a scroll of enchant weapon
 f - 3 scrolls of identify
 h - a scroll of remove curse
 m - 2 scrolls of fog
 n - a scroll of teleportation
 q - a scroll of blinking {unknown}
Potions
 g - a potion of mutation
 r - a potion of stabbing {unknown}
 t - a potion of flight {unknown}
 u - a potion of resistance {unknown}
Comestibles
 l - 2 rations


   Skills:
 + Level 8.0 Fighting
 - Level 6.0 Maces & Flails
 - Level 4.0 Throwing
 - Level 2.6 Dodging


You had 7 spell levels left.
You didn't know any spells.
Your spell library was empty.

Dungeon Overview and Level Annotations

Branches:
Dungeon (5/15)             Temple (0/1) D:5           Sewer (visited)

Altars:
Qazlal
Zin

Annotations:
D:4 1 transporter, Hasart's ghost, amateur OpTm


Innate Abilities, Weirdness & Mutations

You are too large for most types of armour.
You have tough skin. (AC +1)


Message History

* * * LOW HITPOINT WARNING * * *
The orc hits you with a +0 hand axe.
* * * LOW HITPOINT WARNING * * *
The hobgoblin hits you but does no damage.
The kobold hits you but does no damage.
You feel sick.
The hobgoblin hits you but does no damage.
The orc hits you with a +0 hand axe!
* * * LOW HITPOINT WARNING * * *
The kobold hits you but does no damage. The hobgoblin hits you with a +0 club.
* * * LOW HITPOINT WARNING * * *
You feel sick. The orc hits you but does no damage.
The kobold hits you but does no damage. The hobgoblin hits you with a +0 club.
* * * LOW HITPOINT WARNING * * *
The hobgoblin hits you with a +0 club.
* * * LOW HITPOINT WARNING * * *
A hobgoblin comes into view. It is wielding a +0 club.
The hobgoblin shouts!
You hear a shout! x2
The kobold hits you but does no damage. The orc hits you with a +0 hand axe.
You die...

#### .#. .'
####g######
#..#o...... #..
#.K@gg..#
#..##)##g####
#..#..# .# #..#..#
.# #..#'## .#
#..P..####.. .#####
#........... ......
###.###..... #.#...
##.........###.##.#


You could see an orc, 4 hobgoblins and a kobold.

Vanquished Creatures
  Eustachio (D:4)
  An ice beast (D:5)
  An ogre (D:4)
  A phantom (D:4)
  A crocodile (Sewer)
  A water moccasin zombie (D:5)
  A howler monkey (D:4)
  An orc priest (D:3)
  An orc wizard (D:2)
  A worker ant zombie (D:5)
  6 gnolls
  8 adders
  5 worms
  2 dart slugs (D:2)
  2 leopard geckos
  9 orcs
  4 giant cockroaches
  8 goblins
  10 hobgoblins
  13 jackals
  9 kobolds
  A quokka (D:5)
  2 ball pythons
  6 bats
  5 frilled lizards
  A quokka skeleton (D:5)
  7 rats
108 creatures vanquished.

Notes
Turn   | Place    | Note
-------+----------+-------------------------------------------
     0 | D:1      | MisterFreud the Ogre Berserker began the quest for the Orb.
     0 | D:1      | Reached XP level 1. HP: 24/24 MP: 1/1
   211 | D:1      | Reached XP level 2. HP: 33/33 MP: 2/2
   439 | D:1      | Reached skill level 5 in Fighting
   937 | D:2      | Reached XP level 3. HP: 42/42 MP: 3/3
  1396 | D:2      | Reached skill level 6 in Fighting
  1585 | D:2      | Reached ** piety under Trog
  1775 | D:2      | Reached XP level 4. HP: 21/52 MP: 4/4
  2885 | D:3      | Reached XP level 5. HP: 31/59 MP: 5/5
  4221 | D:3      | Found a glowing silver altar of Zin.
  4370 | D:3      | Reached skill level 5 in Maces & Flails
  4370 | D:3      | Reached XP level 6. HP: 15/67 MP: 6/6
  4374 | D:3      | HP: 2/67 [orc/+0 club (6)]
  4742 | D:4      | Found a transporter.
  4812 | D:4      | Noticed a phantom
  4816 | D:5      | Entered Level 5 of the Dungeon
  4849 | D:5      | Found a staircase to the Ecumenical Temple.
  4851 | D:5      | Noticed an ice beast
  4859 | D:5      | Killed an ice beast
  5097 | D:5      | Found a glowing drain.
  5131 | Sewer    | Entered a sewer
  5272 | Sewer    | Reached *** piety under Trog
  5390 | Sewer    | Reached skill level 1 in Throwing
  5390 | Sewer    | Reached XP level 7. HP: 75/75 MP: 7/7
  5728 | D:4      | Noticed Hasart's ghost (amateur OpTm)
  6261 | D:4      | Found a stormy altar of Qazlal.
  6355 | D:4      | Noticed Eustachio
  6378 | D:4      | Killed Eustachio
  6378 | D:4      | Reached skill level 7 in Fighting
  6382 | D:4      | Reached skill level 8 in Fighting
  6382 | D:4      | Reached XP level 8. HP: 51/88 MP: 8/8
  6386 | D:4      | HP: 4/88 [hobgoblin/+0 club (2)]
  6387 | D:4      | Slain by an orc

Illustrated notes

Levels and vault maps discovered:
D:1:      roderic_dead_forest, layout_loops_ring, serial_rivers,
          chequers_serial_rivers_micro_c, chequers_serial_rivers_micro_e,
          chequers_serial_rivers_micro_e, chequers_serial_rivers_marsh,
          chequers_serial_rivers_micro_c
D:2:      layout_loops_ring
D:3:      layout_loops_cross, old_standard_altar, grunt_decor_cap
D:4:      corexii_shantytown, layout_loops_ring, gammafunk_ghost_arena,
          first_ration, grunt_qazlal_sundering, uniq_eustachio
D:5:      layout_loops_corners, temple_statues, gup_sewer_entry_glass

Skill      XL: |  1  2  3  4  5  6  7 |
---------------+----------------------+-----
Fighting       | 5 6 8 |  8.0
Maces & Flails | 3 4 5 6 |  6.0
Throwing       | 1 4 |  4.0
Dodging        | |  2.6

Action                   |  1- 3 |  4- 6 |  7- 9 || total
-------------------------+-------+-------+-------++-------
Melee: Mace              |   142 |   154 |       ||   296
       Flail             |       |   107 |    68 ||   175
Invok: Berserk           |       |     4 |     2 ||     6
       Trog's Hand       |       |     2 |       ||     2
  Use: Scroll            |       |     6 |       ||     6
  Eat: Chunk             |     3 |    12 |     2 ||    17
       Ration            |       |     1 |     1 ||     2
Armor: Animal skin       |    45 |    75 |    20 ||   140
Dodge: Dodged            |    89 |   171 |    32 ||   292
Block: Other             |       |    27 |     7 ||    34
       Reflection        |       |     1 |       ||     1

Table legend:
 A = Non-vault XP
 B = Vault XP
 C = Vault XP percentage of total XP
 D = Non-vault monster count
 E = Vault monster count
 F = Vault count percentage of total count
                 A         B        C        D         E       F
            +---------+---------+-------+---------+---------+-------
      Total |     952 |     339 |  26.3 |      96 |      12 |  11.1
            +---------+---------+-------+---------+---------+-------
        D:1 |      32 |       0 |   0.0 |      19 |       0 |   0.0
        D:2 |     119 |       0 |   0.0 |      24 |       0 |   0.0
        D:3 |     190 |       0 |   0.0 |      36 |       0 |   0.0
        D:4 |     369 |     203 |  35.5 |      11 |       4 |  26.7
        D:5 |     242 |      16 |   6.2 |       6 |       2 |  25.0
      Sewer |       0 |     120 | 100.0 |       0 |       6 | 100.0
            +---------+---------+-------+---------+---------+-------
